 Dungeon Crawl Stone Soup version 0.26.0-10-g1f06aea511 (webtiles) character file.

Game seed: 6690088638224895047

2100 Arum the Grappler (level 9, -1/81 HPs)
             Began as a Ghoul Gladiator on Jan 20, 2021.
             Was an Elder of Okawaru.
             Slain by a wight
             ... wielding a +0 battleaxe
              (5 damage)
             ... on level 7 of the Dungeon.
             The game lasted 00:09:53 (6746 turns).

Arum the Grappler (Ghoul Gladiator)                 Turns: 6746, Time: 00:09:54

Health: -1/81      AC:  9    Str: 21    XL:     9   Next: 28%
Magic:  6/8        EV: 16    Int:  3    God:    Okawaru [****..]
Gold:   400        SH:  5    Dex: 10    Spells: 8/8 levels left

rFire    + . .     SeeInvis .     - Unarmed
rCold    . . .     Faith    .   (no shield)
rNeg     + + +     Spirit   .   h - +0 ring mail
rPois    ∞         Reflect  +   b - +0 helmet
rElec    .         Harm     .   f - +0 cloak
rCorr    .         Rampage  .   (no gloves)
Will     .....                  m - +0 pair of boots
Stlth    ++........             r - amulet of reflection
HPRegen  0.00/turn              z - ring of fire
MPRegen  0.11/turn              (no ring)

@: heroism, slowed, very slow
A: claws 1, cold resistance 1, negative energy resistance 3, inhibited
regeneration, torment resistance, unbreathing
a: Renounce Religion, Heroism


You were on level 7 of the Dungeon.
You worshipped Okawaru.
Okawaru was greatly pleased with you.
You visited 1 branch of the dungeon, and saw 7 of its levels.

You collected 400 gold pieces.

Inventory:

Missiles
 c - 3 throwing nets (quivered)
Armour
 b - a +0 helmet (worn)
 f - a +0 cloak (worn)
 h - a +0 ring mail (worn)
 m - a +0 pair of boots (worn)
 B - a +0 kite shield
Jewellery
 l - an uncursed ring of resist corrosion {unknown}
 r - an amulet of reflection (around neck)
 z - a ring of fire (left claw)
 D - an uncursed amulet of the acrobat {unknown}
 F - an uncursed ring of willpower
Wands
 n - a wand of random effects (10)
 C - a wand of acid (12)
 E - a wand of polymorph (11)
Scrolls
 a - a scroll of amnesia {unknown}
 d - a scroll of immolation {unknown}
 e - 4 scrolls of remove curse
 i - a scroll of fog {unknown}
 j - 9 scrolls of teleportation
 o - a scroll of magic mapping {unknown}
 v - a scroll of enchant weapon {unknown}
 x - a scroll of noise {unknown}
 y - a scroll of fear
 A - a scroll of blinking {unknown}
Potions
 g - 2 potions of cancellation
 k - 8 potions of curing
 p - a potion of haste
 t - a potion of resistance
 u - 2 potions of might
 w - 4 potions of heal wounds


   Skills:
 + Level 7.9(12.9) Fighting
 - Level 1.7(6.7) Throwing
 + Level 6.9(11.9) Dodging
 + Level 8.2(13.2) Unarmed Combat


You had 8 spell levels left.
You didn't know any spells.
Your spell library was empty.

Dungeon Overview and Level Annotations

Branches:
Dungeon (7/15)             Temple (0/1) D:5

Altars:
Okawaru
Sif Muna
Trog
Vehumet
Xom
Yredelemnul

Annotations:
D:6 1 runed translucent door


Innate Abilities, Weirdness & Mutations

You thrive by killing the living.
You are immune to poison.
You have sharp fingernails.
Your flesh is cold resistant. (rC+)
You are immune to negative energy. (rN+++)
You do not regenerate when monsters are visible.
You are immune to unholy pain and torment.
You can survive without breathing.


Message History

You gain the combat prowess of a mighty hero.
The orc wizard mumbles some strange words.
The orc wizard blinks!
The orc wizard gestures wildly while chanting.
The orc wizard blinks!
The orc wizard is no longer moving quickly.
The orc wizard mumbles some strange words.
The orc wizard blinks!
The orc wizard gestures wildly while chanting.
The orc wizard blinks!
The orc wizard mumbles some strange words.
The orc wizard blinks!
The wight barely misses you.
The orc wizard mumbles some strange words.
The orc wizard blinks!
The orc wizard gestures wildly while chanting.
The orc wizard blinks!
There is a stone staircase leading up here.
The orc wizard mumbles some strange words.
The orc wizard blinks!
The wight hits you with a +0 battleaxe.
You die...

########.o....#
#..#...#o.....#
#......#......#
#.....o#......#
#......#....o.#
#....).#......#
######§.......#
#§.z.z#########
#.@z.o# #.....#
#.....# #.....#
#######


You could see 3 wights and an orc wizard (fleeing).

Vanquished Creatures
  Pikel (D:4)
  A human (D:5)
  A sky beast (D:7)
  An ogre (D:6)
  2 centaurs (D:6)
  4 lemures
  2 bullfrogs (D:6)
  A scorpion (D:7)
  A wight (D:7)
  2 howler monkeys
  2 jellies
  A hound (D:4)
  A centaur skeleton (D:6)
  2 orc wizards (D:7)
  2 iguanas (D:6)
  5 worker ants
  Natasha (thrice) (D:4)
  Robin (D:2)
  9 gnolls
  8 adders
  2 shadow imps
  A river rat (D:6)
  A white imp (D:6)
  2 ufetubi
  3 oozes
  An adder skeleton (D:4)
  5 worms
  The ghost of dscm the Sneak, a weakling DsDe (D:6)
  4 dart slugs
  6 leopard geckos
  10 orcs
  8 giant cockroaches
  21 goblins
  13 hobgoblins
  18 jackals
  5 quokkas
  A ball python (D:6)
  15 bats
  10 frilled lizards
  A jackal zombie (D:5)
  15 kobolds
  A quokka skeleton (D:4)
  A quokka zombie (D:6)
  7 rats
202 creatures vanquished.

Notes
Turn   | Place    | Note
-------+----------+-------------------------------------------
     0 | D:1      | Arum the Ghoul Gladiator began the quest for the Orb.
     0 | D:1      | Reached XP level 1. HP: 17/17 MP: 0/0
   155 | D:1      | Reached XP level 2. HP: 25/25 MP: 1/1
   434 | D:1      | Reached XP level 3. HP: 30/30 MP: 2/2
  1107 | D:2      | Noticed Robin
  1129 | D:2      | Reached skill level 4 in Unarmed Combat
  1135 | D:2      | Killed Robin
  1136 | D:2      | Reached XP level 4. HP: 38/38 MP: 3/3
  1610 | D:2      | Reached XP level 5. HP: 45/46 MP: 4/4
  2361 | D:3      | Found a faded altar of an unknown god.
  2398 | D:3      | Became a worshipper of Warmaster Okawaru
  2398 | D:3      | Reached * piety under Okawaru
  2970 | D:3      | Reached XP level 6. HP: 35/52 MP: 5/5
  3351 | D:4      | Reached skill level 5 in Unarmed Combat
  3473 | D:4      | Noticed Pikel
  3931 | D:4      | Noticed Natasha
  3934 | D:4      | Killed Natasha
  4018 | D:4      | Noticed Natasha
  4022 | D:4      | Killed Natasha
  4095 | D:4      | Killed Pikel
  4095 | D:4      | Reached ** piety under Okawaru
  4095 | D:4      | Reached *** piety under Okawaru
  4096 | D:4      | Reached skill level 5 in Fighting
  4096 | D:4      | Reached skill level 5 in Dodging
  4096 | D:4      | Reached skill level 6 in Unarmed Combat
  4096 | D:4      | Reached XP level 7. HP: 44/62 MP: 3/6
  4096 | D:4      | Reached XP level 8. HP: 50/70 MP: 3/7
  4290 | D:4      | Noticed Natasha
  4311 | D:4      | Killed Natasha
  4592 | D:4      | Found a shimmering blue altar of Sif Muna.
  4694 | D:5      | Entered Level 5 of the Dungeon
  4781 | D:5      | Found an iron altar of Okawaru.
  4782 | D:5      | Found a bloodstained altar of Trog.
  5198 | D:5      | Found a staircase to the Ecumenical Temple.
  5406 | D:5      | Found a runed translucent door.
  5419 | D:5      | Found a basalt altar of Yredelemnul.
  5441 | D:5      | Reached skill level 7 in Unarmed Combat
  5723 | D:6      | Found a runed translucent door.
  5727 | D:6      | Noticed dscm's ghost (weakling DsDe)
  5739 | D:6      | Reached **** piety under Okawaru
  6190 | D:6      | Found an iron altar of Okawaru.
  6192 | D:6      | Found a shimmering altar of Xom.
  6192 | D:6      | Found a burning altar of Makhleb.
  6194 | D:6      | Found a radiant altar of Vehumet.
  6194 | D:6      | Found a radiant altar of Vehumet.
  6194 | D:6      | Found a radiant altar of Vehumet.
  6318 | D:6      | Found a runed translucent door.
  6360 | D:6      | Reached XP level 9. HP: 70/79 MP: 5/8
  6362 | D:6      | Killed dscm's ghost
  6424 | D:7      | Reached skill level 8 in Unarmed Combat
  6738 | D:7      | HP: 4/81 [orc warrior/+0 halberd (15)]
  6746 | D:7      | Slain by a wight

Illustrated notes

Levels and vault maps discovered:
D:1:      minmay_arrival_floating_metal, layout_loops_ring
D:2:      layout_loops_cross, chequers_serial_rivers_room_a, minmay_guardbox,
          uniq_robin
D:3:      minmay_thinvault, layout_basic,
          chequers_ecumenical_altar_simple_redux, minmay_between
D:4:      layout_gridville, led_sif_book, uniq_natasha, uniq_pikel
D:5:      layout_loops_cross, grunt_temple_overflow_bloody_war,
          minmay_temple_entry_tees, dk_yredelemnul_ordeal
D:6:      layout_cave_pools, doesnt_xom_only_xom, ebering_ghost_sewer_f
D:7:      layout_gridville

Skill      XL: |  1  2  3  4  5  6  7  8  9 |
---------------+----------------------------+-----
Dodging        | 3 4 5 6 |  6.9
Fighting       | 3 4 5 7 |  7.9
Unarmed Combat | 4 6 7 8 |  8.2
Throwing       | |  1.7

Action                   |  1- 3 |  4- 6 |  7- 9 || total
-------------------------+-------+-------+-------++-------
Melee: Unarmed           |   124 |   393 |   245 ||   762
       Punch             |     2 |     9 |     5 ||    16
Invok: Heroism           |       |     3 |     5 ||     8
  Use: Scroll            |       |       |    10 ||    10
Armor: Leather armour    |    22 |       |       ||    22
       Ring mail         |    21 |   143 |    73 ||   237
Dodge: Dodged            |    71 |   302 |   164 ||   537
Block: Other             |       |       |    53 ||    53
       Reflection        |       |       |     2 ||     2
